Kings vs Red Wings
(R1)
Created - May 24, 2020 at 20:34
Goals
|
Kings |
1 |
2 |
1 |
4 |
Red Wings |
0 |
2 |
1 |
3 |
|
Shots
|
Kings |
5 |
11 |
8 |
24 |
Red Wings |
6 |
10 |
15 |
31 |
|
1st period
1. Kings , Gilbert Brule 1 (Matt Martin 2) at 0:33
Penalties :
Brad Boyes (LAK) for Goalie Interference (Minor) at 0:46, Anze Kopitar (LAK) for Hooking (Minor) at 3:43, Marko Dano (Det) for Slashing (Minor) at 8:54, Jordin Tootoo (Det) for Roughing (Minor) at 11:06, Jordin Tootoo (Det) for Tripping (Minor) at 13:45
2nd period
2. Kings , Nick Leddy 1 (Clarke MacArthur 3, Brad Boyes 3) at 0:16
3. Kings , Gabriel Landeskog 4 (Anze Kopitar 6, Dougie Hamilton 4) at 7:35
4. Red Wings , Connor Brown 5 (Mike Richards 8) at 16:39
5. Red Wings , Andrew Alberts 1 (Connor Brown 6, Jakub Kindl 1) at 18:03 (PP)
Penalties :
Matt Martin (LAK) for Hooking (Minor) at 1:19, Teuvo Teravainen (Det) for Hooking (Minor) at 4:55, Mike Richards (Det) for Tripping (Minor) at 7:38, Nick Leddy (LAK) for High sticking (Minor) at 7:59, Andrew Alberts (Det) for High sticking (Minor) at 15:54, Shea Weber (LAK) for Interference (Minor) at 16:31, Shea Weber (LAK) for Interference (Minor) at 18:14
3rd period
6. Red Wings , Jiri Fischer 2 (Connor Brown 7) at 0:59 (PP)
7. Kings , Gilbert Brule 2 (Nick Leddy 6) at 8:34
Penalties :
Darnell Nurse (LAK) for Holding (Minor) at 0:48, Marko Dano (Det) for Hooking (Minor) at 1:22, Anze Kopitar (LAK) for Cross-checking (Minor) at 18:56
Goalie Stats
Ondrej Pavelec (LAK), 28 saves from 31 shots - (0.903), W, 5-2-0, 60:00 minutes
Josh Harding (Det), 20 saves from 24 shots - (0.833), L, 0-1-0, 58:58 minutes
Players Stats for Kings
Player Name G A P +/- PIM S H SB GA TA FO MP PP MP PK MP
------------------------------------------------------------------------------------
Anze Kopitar 0 1 1 0 4 2 2 1 0 0 14/31 21:19 6:22 2:22
Blake Wheeler 0 0 0 -1 0 1 0 0 0 0 1/3 9:30 0:00 3:24
Brad Boyes 0 1 1 1 2 1 0 0 0 0 0/0 11:24 0:00 0:00
Clarke MacArthur 0 1 1 1 0 0 2 0 1 0 0/1 10:43 0:00 0:00
Darnell Nurse 0 0 0 -1 2 3 0 0 0 0 0/0 15:42 0:00 5:53
Dougie Hamilton 0 1 1 0 0 0 1 1 1 0 0/0 16:59 6:31 1:05
Gabriel Landeskog 1 0 1 1 0 2 1 0 0 0 0/0 18:02 6:22 1:52
Gilbert Brule 2 0 2 2 0 5 4 1 1 1 8/15 20:18 4:31 5:35
James Wright 0 0 0 1 0 1 3 0 0 0 3/9 14:39 0:00 2:32
Jason Akeson 0 0 0 2 0 0 2 0 0 0 0/0 13:02 4:31 0:00
Jeff Schultz 0 0 0 1 0 1 0 1 0 2 0/0 21:50 0:00 5:26
Matt Martin 0 1 1 2 2 0 1 0 2 0 0/0 13:15 4:31 0:00
Nick Leddy 1 1 2 3 2 1 3 1 2 0 0/0 20:30 6:30 0:00
Nikita Kucherov 0 0 0 1 0 2 2 1 0 0 0/1 16:37 6:22 0:00
Patrick Marleau 0 0 0 0 0 1 0 1 0 0 0/0 6:07 0:00 0:00
Peter Regin 0 0 0 0 0 3 0 0 0 0 2/4 11:35 0:00 3:37
Ryan Murray 0 0 0 1 0 0 2 2 0 0 0/0 24:22 4:22 3:48
Shea Weber 0 0 0 2 4 1 0 1 0 0 0/0 21:17 4:21 3:10
Players Stats for Red Wings
Player Name G A P +/- PIM S H SB GA TA FO MP PP MP PK MP
------------------------------------------------------------------------------------
Alex Picard 0 0 0 -2 0 1 5 0 0 0 1/1 18:13 5:13 0:35
Andrew Alberts 1 0 1 -1 2 2 0 1 0 0 0/0 14:10 0:10 4:23
Anton Volchenkov 0 0 0 -1 0 1 0 0 0 1 0/0 13:35 0:00 4:31
Chris Kelly 0 0 0 0 0 0 0 0 0 0 6/10 11:59 0:00 6:15
Connor Brown 1 2 3 -1 0 7 4 0 2 2 2/2 19:55 5:20 0:00
Dany Heatley 0 0 0 0 0 1 1 1 0 0 0/2 15:18 0:02 6:21
David Krejci 0 0 0 0 0 2 3 0 0 0 6/8 11:49 0:10 3:36
Jakub Kindl 0 1 1 0 0 1 1 0 0 0 0/0 16:25 4:15 0:08
Jiri Fischer 1 0 1 1 0 4 0 0 0 1 0/0 24:35 5:26 6:22
Jordin Tootoo 0 0 0 -2 4 1 1 0 0 0 0/0 15:25 4:11 0:00
Karl Alzner 0 0 0 -3 0 2 1 4 0 1 0/0 21:16 4:15 0:00
Marko Dano 0 0 0 -2 4 1 1 0 0 0 1/2 17:39 5:14 0:00
Michael Haley 0 0 0 0 0 0 2 0 0 0 1/1 7:54 0:00 3:36
Mike Richards 0 1 1 -1 2 1 1 0 1 0 11/26 20:19 5:28 1:23
Nick Bjugstad 0 0 0 -2 0 2 2 0 0 0 8/11 16:23 4:15 0:00
Petr Pohl 0 0 0 0 0 2 2 0 0 0 0/0 5:46 0:02 0:00
Ryan O'Byrne 0 0 0 -2 0 1 1 0 0 1 0/0 24:04 0:13 6:22
Teuvo Teravainen 0 0 0 0 2 2 1 0 0 1 0/1 11:15 4:11 0:00
3 Stars
1 - Gilbert Brule (LAK)
2 - Nick Leddy (LAK)
3 - Connor Brown (Det)
Power Play
Kings - 0 on 7 Attempt(s) - 0.00%
Red Wings - 2 on 8 Attempt(s) - 25.00%
Penalty Kill
Kings - 6 on 8 Attempt(s) - 75.00%
- Score 0 goal in Penalty Kill
Red Wings - 7 on 7 Attempt(s) - 100.00%
- Score 0 goal in Penalty Kill
Team Stat
Kings - Hits : 23 - Faceoff Wins : 28 - Blocked Shots : 10 - Penalty Minutes : 16
Red Wings - Hits : 26 - Faceoff Wins : 36 - Blocked Shots : 6 - Penalty Minutes : 14
Official
Referees : Unknown
Linesman : Unknown
Game Notes
Blake Wheeler is injured at 18:16 of 2nd period (Broken Bone (Right Ankle))
Finance
Level 1 -- Attendance: 6000 (100.00%) -- Ticket Income $642,000
Level 2 -- Attendance: 5000 (100.00%) -- Ticket Income $355,000
Level 3 -- Attendance: 1833 (91.65%) -- Ticket Income $87,984
Level 4 -- Attendance: 3762 (94.05%) -- Ticket Income $124,146
Luxury Box -- Attendance: 1000 (100.00%) -- Ticket Income $190,000
Game was played at the Joe Louis Arena.
Total Attendance: 17595 (97.75%)
Total Ticket Income: $1,399,130
Other Income: $209,870
Total Income: $1,609,000
Kings
5 vs 5 Forward
Center Left Wing Right Wing Time % Phy DF OF
1 Anze Kopitar Gabriel Landeskog Nikita Kucherov 30 1 2 2
2 Gilbert Brule Matt Martin Jason Akeson 30 1 2 2
3 James Wright Clarke MacArthur Brad Boyes 30 1 2 2
4 Peter Regin Patrick Marleau Blake Wheeler 10 1 2 2
5 vs 5 Defense
Defense Defense Time % Phy DF OF
1 Jeff Schultz Ryan Murray 40 1 2 2
2 Shea Weber Nick Leddy 30 1 2 2
3 Darnell Nurse Dougie Hamilton 20 1 2 2
4 Darnell Nurse Dougie Hamilton 10 1 2 2
PowerPlay Forward
Center Left Wing Right Wing Time % Phy DF OF
1 Anze Kopitar Gabriel Landeskog Nikita Kucherov 60 1 2 2
2 Gilbert Brule Matt Martin Jason Akeson 40 1 2 2
PowerPlay Defense
Defense Defense Time % Phy DF OF
1 Dougie Hamilton Nick Leddy 60 1 2 2
2 Shea Weber Ryan Murray 40 1 2 2
Penalty Kill 4 Players Forward
Center Wing Time % Phy DF OF
1 Blake Wheeler Gilbert Brule 60 1 3 1
2 James Wright Peter Regin 40 1 3 1
Penalty Kill 4 Players Defense
Defense Defense Time % Phy DF OF
1 Jeff Schultz Darnell Nurse 60 1 4 0
2 Ryan Murray Shea Weber 40 1 4 0
Penalty Kill - 3 Players Forward
Forward Time % Phy DF OF
1 Blake Wheeler 60 1 2 2
2 James Wright 40 1 2 2
Penalty Kill - 3 Players Defense
Defense Defense Time % Phy DF OF
1 Jeff Schultz Darnell Nurse 60 1 2 2
2 Ryan Murray Shea Weber 40 1 2 2
4 vs 4 Forward
Center Wing Time % Phy DF OF
1 Anze Kopitar Blake Wheeler 60 1 2 2
2 Gabriel Landeskog Nikita Kucherov 40 1 2 2
4 vs 4 Defense
Defense Defense Time % Phy DF OF
1 Shea Weber Ryan Murray 60 1 2 2
2 Darnell Nurse Dougie Hamilton 40 1 2 2
Last Minutes Offensive
Center Left Wing Right Wing Defense Defense
Anze Kopitar Gabriel Landeskog Nikita Kucherov Dougie Hamilton Nick Leddy
Last Minutes Defensive
Center Left Wing Right Wing Defense Defense
Anze Kopitar Gabriel Landeskog Blake Wheeler Jeff Schultz Darnell Nurse
Goaltenders
Starting : Ondrej Pavelec
Backup : John Gibson
Extra Forwards
Normal : Anze Kopitar, Gilbert Brule, Peter Regin - PP : James Wright, Brad Boyes - PK : Anze Kopitar
Extra Defensemen
Normal : Jeff Schultz, Darnell Nurse, Shea Weber - PP : Darnell Nurse - PK : Dougie Hamilton, Nick Leddy
Penalty Shots
Anze Kopitar, Gilbert Brule, Nikita Kucherov, Peter Regin, Patrick Marleau
Scratches
Adam Burish (Healthy), Andrew Hammond (Healthy)
Red Wings
5 vs 5 Forward
Center Left Wing Right Wing Time % Phy DF OF
1 Mike Richards Marko Dano Connor Brown 40 0 2 3
2 Nick Bjugstad Alex Picard Jordin Tootoo 30 0 2 3
3 David Krejci Teuvo Teravainen Dany Heatley 20 2 2 1
4 Chris Kelly Michael Haley Petr Pohl 10 0 2 3
5 vs 5 Defense
Defense Defense Time % Phy DF OF
1 Karl Alzner Ryan O'Byrne 40 0 2 3
2 Jiri Fischer Jakub Kindl 30 0 2 3
3 Anton Volchenkov Andrew Alberts 20 1 2 2
4 Anton Volchenkov Andrew Alberts 10 1 2 2
PowerPlay Forward
Center Left Wing Right Wing Time % Phy DF OF
1 Mike Richards Marko Dano Connor Brown 60 0 1 4
2 Nick Bjugstad Teuvo Teravainen Jordin Tootoo 40 0 1 4
PowerPlay Defense
Defense Defense Time % Phy DF OF
1 Alex Picard Jiri Fischer 60 0 2 3
2 Karl Alzner Jakub Kindl 40 0 2 3
Penalty Kill 4 Players Forward
Center Wing Time % Phy DF OF
1 Chris Kelly Dany Heatley 60 1 2 2
2 David Krejci Michael Haley 40 1 2 2
Penalty Kill 4 Players Defense
Defense Defense Time % Phy DF OF
1 Jiri Fischer Ryan O'Byrne 60 1 2 2
2 Andrew Alberts Anton Volchenkov 40 1 2 2
Penalty Kill - 3 Players Forward
Forward Time % Phy DF OF
1 Dany Heatley 60 1 2 2
2 Michael Haley 40 1 2 2
Penalty Kill - 3 Players Defense
Defense Defense Time % Phy DF OF
1 Jiri Fischer Ryan O'Byrne 60 1 2 2
2 Andrew Alberts Anton Volchenkov 40 1 2 2
4 vs 4 Forward
Center Wing Time % Phy DF OF
1 Mike Richards Connor Brown 60 1 2 2
2 Nick Bjugstad Alex Picard 40 1 2 2
4 vs 4 Defense
Defense Defense Time % Phy DF OF
1 Jiri Fischer Ryan O'Byrne 60 1 2 2
2 Andrew Alberts Jakub Kindl 40 1 2 2
Last Minutes Offensive
Center Left Wing Right Wing Defense Defense
Mike Richards Alex Picard Connor Brown Jiri Fischer Jakub Kindl
Last Minutes Defensive
Center Left Wing Right Wing Defense Defense
Nick Bjugstad Teuvo Teravainen Connor Brown Anton Volchenkov Ryan O'Byrne
Goaltenders
Starting : Josh Harding
Backup : James Reimer
Extra Forwards
Normal : Connor Brown, Nick Bjugstad, Jordin Tootoo - PP : David Krejci, Mike Richards - PK : Mike Richards
Extra Defensemen
Normal : Jiri Fischer, Karl Alzner, Jakub Kindl - PP : Ryan O'Byrne - PK : Jakub Kindl, Karl Alzner
Penalty Shots
Mike Richards, Marko Dano, Nick Bjugstad, Alex Picard, Jordin Tootoo
Scratches
Philip Samuelsson (Suspend), Petter Granberg (Healthy), Riley Armstrong (Healthy), Carson Mcmillan (Healthy)
% Time on Ice - Kings
Lines # - Real PCT - Wanted PCT - Time Play
Normal Forward
1 - 26% - 30% - 9:34
2 - 27% - 30% - 9:55
3 - 30% - 30% - 10:43
4 - 17% - 10% - 6:07
Normal Defense
1 - 47% - 40% - 17:01
2 - 34% - 30% - 12:23
3 - 18% - 20% - 6:23
4 - 1% - 10% - 0:32
PP Forward
1 - 58% - 60% - 6:22
2 - 42% - 40% - 4:31
PP Defense
1 - 60% - 60% - 6:31
2 - 40% - 40% - 4:22
PK Forward
1 - 77% - 60% - 7:29
2 - 23% - 40% - 2:12
PK Defense
1 - 56% - 60% - 5:26
2 - 44% - 40% - 4:15
PK3 Forward
1 - 0% - 60%
2 - 0% - 40%
PK3 Defense
1 - 0% - 60%
2 - 0% - 40%
44 Forward
1 - 84% - 60% - 2:31
2 - 16% - 40% - 0:29
44 Defense
1 - 82% - 60% - 2:27
2 - 18% - 40% - 0:33
Last Minute Offensive - 0:00
Last Minute Defensive - 0:07
Total
Forward - 60:00
Defense - 60:00
|
% Time on Ice - Red Wings
Lines # - Real PCT - Wanted PCT - Time Play
Normal Forward
1 - 35% - 40% - 12:33
2 - 35% - 30% - 12:32
3 - 19% - 20% - 7:01
4 - 12% - 10% - 4:12
Normal Defense
1 - 46% - 40% - 16:43
2 - 30% - 30% - 11:00
3 - 19% - 20% - 7:01
4 - 4% - 10% - 1:34
PP Forward
1 - 57% - 60% - 5:30
2 - 43% - 40% - 4:11
PP Defense
1 - 56% - 60% - 5:26
2 - 44% - 40% - 4:15
PK Forward
1 - 67% - 60% - 7:17
2 - 33% - 40% - 3:36
PK Defense
1 - 58% - 60% - 6:22
2 - 42% - 40% - 4:31
PK3 Forward
1 - 0% - 60%
2 - 0% - 40%
PK3 Defense
1 - 0% - 60%
2 - 0% - 40%
44 Forward
1 - 89% - 60% - 2:40
2 - 11% - 40% - 0:20
44 Defense
1 - 74% - 60% - 2:13
2 - 26% - 40% - 0:47
Last Minute Offensive - 0:08
Last Minute Defensive - 0:00
Total
Forward - 60:00
Defense - 60:00
|
Play-by-Play
1st period
0:01 of 1st period - Anze Kopitar wins face-off versus Mike Richards in neutral zone.
0:14 of 1st period - Snap shot by Connor Brown.
0:14 of 1st period - Shot Blocked by Anze Kopitar.
0:16 of 1st period - Slapshot by Karl Alzner.
0:16 of 1st period - Shot Blocked by Ryan Murray.
0:26 of 1st period - Ryan O'Byrne is hit by Gilbert Brule and loses puck.
0:33 of 1st period - Snap shot by Matt Martin.
0:33 of 1st period - Deflect By Gilbert Brule.
0:33 of 1st period - Goal by Gilbert Brule - Kings : 1 - Red Wings : 0.
0:34 of 1st period - David Krejci wins face-off versus James Wright in neutral zone.
0:46 of 1st period - Minor Penalty to Brad Boyes for Goalie Interference.
0:47 of 1st period - Marko Dano wins face-off versus Gilbert Brule in Kings zone.
0:59 of 1st period - Blake Wheeler is hit by Alex Picard.
1:07 of 1st period - Darnell Nurse is hit by Alex Picard and loses puck.
1:18 of 1st period - Wrist shot by Peter Regin.
1:18 of 1st period - Shot Misses the Net.
2:46 of 1st period - Penalty to Brad Boyes is over, Brad Boyes is back on ice.
3:27 of 1st period - Backhand shot by Brad Boyes.
3:27 of 1st period - Stopped by Josh Harding without a rebound.
3:28 of 1st period - David Krejci wins face-off versus Anze Kopitar in Red Wings zone.
3:28 of 1st period - David Krejci is hit by Nick Leddy.
3:34 of 1st period - Slapshot by Teuvo Teravainen.
3:34 of 1st period - Stopped by Ondrej Pavelec with a rebound.
3:36 of 1st period - Slapshot by Teuvo Teravainen.
3:36 of 1st period - Shot Misses the Net.
3:38 of 1st period - Snap shot by David Krejci.
3:38 of 1st period - Stopped by Ondrej Pavelec without a rebound.
3:39 of 1st period - Alex Picard wins face-off versus Anze Kopitar in Kings zone.
3:43 of 1st period - Minor Penalty to Anze Kopitar for Hooking.
3:44 of 1st period - Mike Richards wins face-off versus Blake Wheeler in Kings zone.
3:58 of 1st period - Marko Dano is hit by Ryan Murray and loses puck.
4:19 of 1st period - Snap shot by Nick Bjugstad.
4:19 of 1st period - Stopped by Ondrej Pavelec without a rebound.
4:20 of 1st period - Nick Bjugstad wins face-off versus James Wright in Kings zone.
4:51 of 1st period - Ryan Murray is hit by Jakub Kindl and loses puck.
5:02 of 1st period - Snap shot by Gilbert Brule.
5:02 of 1st period - Deflect By Blake Wheeler.
5:02 of 1st period - Stopped by Josh Harding with a rebound.
5:43 of 1st period - Penalty to Anze Kopitar is over, Anze Kopitar is back on ice.
7:15 of 1st period - Ryan O'Byrne is hit by James Wright and loses puck.
7:26 of 1st period - Chris Kelly is hit by James Wright and loses puck.
7:59 of 1st period - Jiri Fischer is hit by Dougie Hamilton and loses puck.
8:18 of 1st period - Snap shot by Teuvo Teravainen.
8:18 of 1st period - Shot Blocked by Dougie Hamilton.
8:20 of 1st period - Wrist shot by David Krejci.
8:20 of 1st period - Stopped by Ondrej Pavelec without a rebound.
8:21 of 1st period - David Krejci wins face-off versus Anze Kopitar in Kings zone.
8:54 of 1st period - Minor Penalty to Marko Dano for Slashing.
8:55 of 1st period - Chris Kelly wins face-off versus Anze Kopitar in Red Wings zone.
9:29 of 1st period - Snap shot by Gilbert Brule.
9:29 of 1st period - Stopped by Josh Harding with a rebound.
9:31 of 1st period - Wrist shot by Nick Leddy.
9:31 of 1st period - Shot Misses the Net.
10:54 of 1st period - Penalty to Marko Dano is over, Marko Dano is back on ice.
11:06 of 1st period - Minor Penalty to Jordin Tootoo for Roughing.
11:07 of 1st period - Gilbert Brule wins face-off versus Chris Kelly in Red Wings zone.
11:32 of 1st period - Snap shot by Anze Kopitar.
11:32 of 1st period - Stopped by Josh Harding without a rebound.
11:33 of 1st period - Chris Kelly wins face-off versus Nikita Kucherov in Red Wings zone.
11:44 of 1st period - Snap shot by Andrew Alberts.
11:44 of 1st period - Deflect By David Krejci.
11:44 of 1st period - Shot Misses the Net.
11:44 of 1st period - Puck is out of play.
11:45 of 1st period - David Krejci wins face-off versus Anze Kopitar in Kings zone.
11:46 of 1st period - Slapshot by Jiri Fischer.
11:46 of 1st period - Shot Misses the Net.
13:06 of 1st period - Penalty to Jordin Tootoo is over, Jordin Tootoo is back on ice.
13:11 of 1st period - Icing by Nikita Kucherov.
13:12 of 1st period - Mike Richards wins face-off versus Anze Kopitar in Kings zone.
13:31 of 1st period - Snap shot by Alex Picard.
13:31 of 1st period - Stopped by Ondrej Pavelec without a rebound.
13:32 of 1st period - Nick Bjugstad wins face-off versus James Wright in Kings zone.
13:45 of 1st period - Minor Penalty to Jordin Tootoo for Tripping.
13:46 of 1st period - Chris Kelly wins face-off versus Anze Kopitar in Red Wings zone.
13:57 of 1st period - Snap shot by Chris Kelly.
13:57 of 1st period - Shot Misses the Net.
13:59 of 1st period - Slapshot by Chris Kelly.
13:59 of 1st period - Shot Misses the Net.
14:01 of 1st period - Snap shot by Chris Kelly.
14:01 of 1st period - Shot Misses the Net.
14:03 of 1st period - Wrist shot by Chris Kelly.
14:03 of 1st period - Shot Misses the Net.
14:38 of 1st period - Shea Weber is hit by David Krejci and loses puck.
15:45 of 1st period - Penalty to Jordin Tootoo is over, Jordin Tootoo is back on ice.
15:52 of 1st period - James Wright is hit by Alex Picard.
15:56 of 1st period - Nick Leddy is hit by Jordin Tootoo.
16:28 of 1st period - David Krejci is hit by Clarke MacArthur and loses puck.
16:53 of 1st period - Blake Wheeler is hit by Michael Haley and loses puck.
17:03 of 1st period - Icing by Petr Pohl.
17:04 of 1st period - Michael Haley wins face-off versus Anze Kopitar in Red Wings zone.
17:09 of 1st period - Jeff Schultz is hit by Connor Brown and loses puck.
18:22 of 1st period - Wrist shot by Mike Richards.
18:22 of 1st period - Stopped by Ondrej Pavelec without a rebound.
18:23 of 1st period - Anze Kopitar wins face-off versus Mike Richards in Kings zone.
18:32 of 1st period - Snap shot by Connor Brown.
18:32 of 1st period - Shot Misses the Net.
18:37 of 1st period - Off-side.
18:38 of 1st period - Gilbert Brule wins face-off versus Mike Richards in neutral zone.
18:49 of 1st period - Connor Brown is hit by Matt Martin and loses puck.
19:11 of 1st period - Alex Picard is hit by Clarke MacArthur and loses puck.
19:47 of 1st period - Darnell Nurse is hit by Connor Brown and loses puck.
Goals for this period are 1 for Kings vs 0 for Red Wings.
Shots for this period are 5 for Kings vs 6 for Red Wings.
2nd period
0:01 of 2nd period - James Wright wins face-off versus Marko Dano in neutral zone.
0:14 of 2nd period - Wrist shot by Clarke MacArthur.
0:14 of 2nd period - Shot Blocked by Karl Alzner.
0:16 of 2nd period - Snap shot by Nick Leddy.
0:16 of 2nd period - Goal by Nick Leddy - Kings : 2 - Red Wings : 0.
0:17 of 2nd period - Gilbert Brule wins face-off versus Mike Richards in neutral zone.
1:07 of 2nd period - Backhand shot by Ryan O'Byrne.
1:07 of 2nd period - Stopped by Ondrej Pavelec with a rebound.
1:09 of 2nd period - Snap shot by Dany Heatley.
1:09 of 2nd period - Stopped by Ondrej Pavelec without a rebound.
1:10 of 2nd period - David Krejci wins face-off versus Gilbert Brule in Kings zone.
1:17 of 2nd period - Wrist shot by Teuvo Teravainen.
1:17 of 2nd period - Shot Misses the Net.
1:19 of 2nd period - Minor Penalty to Matt Martin for Hooking.
1:20 of 2nd period - Mike Richards wins face-off versus Blake Wheeler in Kings zone.
1:35 of 2nd period - Snap shot by Connor Brown.
1:35 of 2nd period - Stopped by Ondrej Pavelec with a rebound.
3:19 of 2nd period - Penalty to Matt Martin is over, Matt Martin is back on ice.
3:23 of 2nd period - Jeff Schultz is hit by David Krejci and loses puck.
3:32 of 2nd period - Wrist shot by Jeff Schultz.
3:32 of 2nd period - Deflect By Blake Wheeler.
3:32 of 2nd period - Shot Blocked by Dany Heatley.
3:32 of 2nd period - Puck is out of play.
3:33 of 2nd period - James Wright wins face-off versus Chris Kelly in Red Wings zone.
3:48 of 2nd period - Slapshot by Anton Volchenkov.
3:48 of 2nd period - Stopped by Ondrej Pavelec without a rebound.
3:49 of 2nd period - Connor Brown wins face-off versus Anze Kopitar in Kings zone.
4:00 of 2nd period - Wrist shot by Anze Kopitar.
4:00 of 2nd period - Shot Blocked by Karl Alzner.
4:02 of 2nd period - Wrist shot by Nikita Kucherov.
4:02 of 2nd period - Shot Misses the Net.
4:45 of 2nd period - Backhand shot by Peter Regin.
4:45 of 2nd period - Stopped by Josh Harding with a rebound.
4:47 of 2nd period - Slapshot by Dougie Hamilton.
4:47 of 2nd period - Shot Misses the Net.
4:49 of 2nd period - Backhand shot by Peter Regin.
4:49 of 2nd period - Stopped by Josh Harding with a rebound.
4:55 of 2nd period - Minor Penalty to Teuvo Teravainen for Hooking.
4:56 of 2nd period - Anze Kopitar wins face-off versus Dany Heatley in Red Wings zone.
4:59 of 2nd period - Snap shot by Nikita Kucherov.
4:59 of 2nd period - Shot Misses the Net.
5:28 of 2nd period - Off-side.
5:29 of 2nd period - Anze Kopitar wins face-off versus David Krejci in neutral zone.
5:42 of 2nd period - Backhand shot by Anze Kopitar.
5:42 of 2nd period - Shot Misses the Net.
6:03 of 2nd period - Wrist shot by Matt Martin.
6:03 of 2nd period - Shot Blocked by Andrew Alberts.
6:35 of 2nd period - Slapshot by Jiri Fischer.
6:35 of 2nd period - Stopped by Ondrej Pavelec without a rebound.
6:36 of 2nd period - Anze Kopitar wins face-off versus David Krejci in Kings zone.
6:36 of 2nd period - Anze Kopitar is hit by Michael Haley.
6:42 of 2nd period - Jiri Fischer is hit by Gabriel Landeskog and loses puck.
6:55 of 2nd period - Penalty to Teuvo Teravainen is over, Teuvo Teravainen is back on ice.
6:58 of 2nd period - Icing by Gilbert Brule.
6:59 of 2nd period - Gilbert Brule wins face-off versus Mike Richards in Kings zone.
7:35 of 2nd period - Snap shot by Gabriel Landeskog.
7:35 of 2nd period - Goal by Gabriel Landeskog - Kings : 3 - Red Wings : 0.
7:36 of 2nd period - Mike Richards wins face-off versus Gilbert Brule in neutral zone.
7:38 of 2nd period - Minor Penalty to Mike Richards for Tripping.
7:39 of 2nd period - Anze Kopitar wins face-off versus Chris Kelly in Red Wings zone.
7:39 of 2nd period - Snap shot by Nikita Kucherov.
7:39 of 2nd period - Stopped by Josh Harding without a rebound.
7:40 of 2nd period - Chris Kelly wins face-off versus Anze Kopitar in Red Wings zone.
7:57 of 2nd period - Snap shot by Chris Kelly.
7:57 of 2nd period - Shot Misses the Net.
7:59 of 2nd period - Minor Penalty to Nick Leddy for High sticking.
8:00 of 2nd period - Anze Kopitar wins face-off versus Nick Bjugstad in Kings zone.
8:12 of 2nd period - Off-side.
8:13 of 2nd period - Nick Bjugstad wins face-off versus Anze Kopitar in neutral zone.
8:24 of 2nd period - Slapshot by Jiri Fischer.
8:24 of 2nd period - Shot Blocked by Ryan Murray.
8:26 of 2nd period - Snap shot by Connor Brown.
8:26 of 2nd period - Deflect By Nick Bjugstad.
8:26 of 2nd period - Stopped by Ondrej Pavelec without a rebound.
8:27 of 2nd period - Anze Kopitar wins face-off versus Nick Bjugstad in Kings zone.
8:55 of 2nd period - Wrist shot by Connor Brown.
8:55 of 2nd period - Shot Blocked by Shea Weber.
9:38 of 2nd period - Penalty to Mike Richards is over, Mike Richards is back on ice.
9:59 of 2nd period - Penalty to Nick Leddy is over, Nick Leddy is back on ice.
10:03 of 2nd period - Wrist shot by Nick Leddy.
10:03 of 2nd period - Shot Misses the Net.
10:09 of 2nd period - Jeff Schultz is hit by Mike Richards and loses puck.
10:42 of 2nd period - Snap shot by Anze Kopitar.
10:42 of 2nd period - Deflect By Gabriel Landeskog.
10:42 of 2nd period - Shot Misses the Net.
10:42 of 2nd period - Puck is out of play.
10:43 of 2nd period - Nick Bjugstad wins face-off versus Anze Kopitar in Red Wings zone.
10:43 of 2nd period - Nick Bjugstad is hit by Nikita Kucherov.
10:55 of 2nd period - Gabriel Landeskog is hit by Nick Bjugstad and loses puck.
11:06 of 2nd period - Anton Volchenkov is hit by Gilbert Brule and loses puck.
11:27 of 2nd period - Wrist shot by David Krejci.
11:27 of 2nd period - Shot Misses the Net.
11:45 of 2nd period - Backhand shot by Petr Pohl.
11:45 of 2nd period - Deflect By Michael Haley.
11:45 of 2nd period - Shot Blocked by Patrick Marleau.
11:45 of 2nd period - Puck is out of play.
11:46 of 2nd period - Peter Regin wins face-off versus Chris Kelly in Kings zone.
11:46 of 2nd period - Peter Regin is hit by Petr Pohl.
11:54 of 2nd period - Snap shot by Patrick Marleau.
11:54 of 2nd period - Stopped by Josh Harding without a rebound.
11:55 of 2nd period - Mike Richards wins face-off versus James Wright in Red Wings zone.
13:14 of 2nd period - Icing by Ryan Murray.
13:15 of 2nd period - Mike Richards wins face-off versus Gilbert Brule in Kings zone.
13:42 of 2nd period - Nick Leddy is hit by Alex Picard and loses puck.
14:12 of 2nd period - Off-side.
14:13 of 2nd period - Mike Richards wins face-off versus Peter Regin in neutral zone.
14:31 of 2nd period - Icing by Shea Weber.
14:32 of 2nd period - Peter Regin wins face-off versus Nick Bjugstad in Kings zone.
14:45 of 2nd period - Blake Wheeler is hit by Alex Picard and loses puck.
14:58 of 2nd period - Blake Wheeler is hit by Ryan O'Byrne and loses puck.
15:13 of 2nd period - Slapshot by Shea Weber.
15:13 of 2nd period - Shot Misses the Net.
15:48 of 2nd period - Snap shot by James Wright.
15:48 of 2nd period - Shot Misses the Net.
15:54 of 2nd period - Minor Penalty to Andrew Alberts for High sticking.
15:55 of 2nd period - Chris Kelly wins face-off versus Anze Kopitar in Red Wings zone.
16:06 of 2nd period - Ryan O'Byrne is hit by Anze Kopitar and loses puck.
16:31 of 2nd period - Minor Penalty to Shea Weber for Interference.
16:32 of 2nd period - Mike Richards wins face-off versus Anze Kopitar in Kings zone.
16:37 of 2nd period - Snap shot by Connor Brown.
16:37 of 2nd period - Stopped by Ondrej Pavelec with a rebound.
16:39 of 2nd period - Snap shot by Connor Brown.
16:39 of 2nd period - Goal by Connor Brown - Kings : 3 - Red Wings : 1.
16:40 of 2nd period - Anze Kopitar wins face-off versus Mike Richards in neutral zone.
16:57 of 2nd period - Slapshot by Connor Brown.
16:57 of 2nd period - Stopped by Ondrej Pavelec without a rebound.
16:58 of 2nd period - Anze Kopitar wins face-off versus Mike Richards in Kings zone.
17:27 of 2nd period - Wrist shot by Gabriel Landeskog.
17:27 of 2nd period - Stopped by Josh Harding with a rebound.
17:54 of 2nd period - Penalty to Andrew Alberts is over, Andrew Alberts is back on ice.
18:03 of 2nd period - Wrist shot by Andrew Alberts.
18:03 of 2nd period - Goal by Andrew Alberts - Kings : 3 - Red Wings : 2.
18:04 of 2nd period - Nick Bjugstad wins face-off versus Gilbert Brule in neutral zone.
18:04 of 2nd period - Karl Alzner is hit by Gilbert Brule and loses puck.
18:14 of 2nd period - Minor Penalty to Shea Weber for Interference.
18:15 of 2nd period - Blake Wheeler wins face-off versus Mike Richards in Kings zone.
18:15 of 2nd period - Blake Wheeler is hit by Connor Brown.
18:16 of 2nd period - Blake Wheeler from Kings is injured at 18:16 of 2nd period (Broken Bone (Right Ankle)).
18:17 of 2nd period - Anze Kopitar wins face-off versus Mike Richards in Kings zone.
18:23 of 2nd period - Slapshot by Darnell Nurse.
18:23 of 2nd period - Stopped by Josh Harding with a rebound.
18:53 of 2nd period - Jeff Schultz is hit by Teuvo Teravainen and loses puck.
19:04 of 2nd period - Backhand shot by Darnell Nurse.
19:04 of 2nd period - Stopped by Josh Harding with a rebound.
19:12 of 2nd period - Snap shot by Peter Regin.
19:12 of 2nd period - Stopped by Josh Harding with a rebound.
19:14 of 2nd period - Slapshot by Darnell Nurse.
19:14 of 2nd period - Stopped by Josh Harding with a rebound.
19:16 of 2nd period - Slapshot by Darnell Nurse.
19:16 of 2nd period - Shot Blocked by Karl Alzner.
19:42 of 2nd period - Gilbert Brule is hit by Nick Bjugstad and loses puck.
Goals for this period are 2 for Kings vs 2 for Red Wings.
Shots for this period are 11 for Kings vs 10 for Red Wings.
3rd period
0:01 of 3rd period - Mike Richards wins face-off versus Anze Kopitar in neutral zone.
0:14 of 3rd period - Penalty to Shea Weber is over, Shea Weber is back on ice.
0:48 of 3rd period - Minor Penalty to Darnell Nurse for Holding.
0:49 of 3rd period - Anze Kopitar wins face-off versus Mike Richards in Kings zone.
0:57 of 3rd period - Slapshot by Jiri Fischer.
0:57 of 3rd period - Deflect By Ryan Murray.
0:57 of 3rd period - Stopped by Ondrej Pavelec with a rebound.
0:59 of 3rd period - Backhand shot by Jiri Fischer.
0:59 of 3rd period - Goal by Jiri Fischer - Kings : 3 - Red Wings : 3.
1:00 of 3rd period - Gilbert Brule wins face-off versus Mike Richards in neutral zone.
1:05 of 3rd period - Mike Richards is hit by Jason Akeson and loses puck.
1:22 of 3rd period - Minor Penalty to Marko Dano for Hooking.
1:23 of 3rd period - Anze Kopitar wins face-off versus Dany Heatley in Red Wings zone.
3:05 of 3rd period - Mike Richards is hit by Gilbert Brule and loses puck.
3:22 of 3rd period - Penalty to Marko Dano is over, Marko Dano is back on ice.
3:36 of 3rd period - Snap shot by Marko Dano.
3:36 of 3rd period - Stopped by Ondrej Pavelec without a rebound.
3:37 of 3rd period - Nick Bjugstad wins face-off versus James Wright in Kings zone.
3:55 of 3rd period - Icing by James Wright.
3:56 of 3rd period - James Wright wins face-off versus Mike Richards in Kings zone.
4:21 of 3rd period - Wrist shot by James Wright.
4:21 of 3rd period - Stopped by Josh Harding without a rebound.
4:22 of 3rd period - Nick Bjugstad wins face-off versus Anze Kopitar in Red Wings zone.
4:39 of 3rd period - Backhand shot by Jordin Tootoo.
4:39 of 3rd period - Stopped by Ondrej Pavelec without a rebound.
4:40 of 3rd period - Mike Richards wins face-off versus Gilbert Brule in Kings zone.
5:07 of 3rd period - Nikita Kucherov is hit by Karl Alzner.
5:33 of 3rd period - Snap shot by Gilbert Brule.
5:33 of 3rd period - Stopped by Josh Harding with a rebound.
5:35 of 3rd period - Slapshot by Shea Weber.
5:35 of 3rd period - Stopped by Josh Harding with a rebound.
5:42 of 3rd period - Icing by David Krejci.
5:43 of 3rd period - David Krejci wins face-off versus James Wright in Red Wings zone.
6:33 of 3rd period - Icing by Ryan Murray.
6:34 of 3rd period - Gilbert Brule wins face-off versus Teuvo Teravainen in Kings zone.
7:24 of 3rd period - Alex Picard is hit by Anze Kopitar and loses puck.
7:36 of 3rd period - Jordin Tootoo is hit by Ryan Murray and loses puck.
7:49 of 3rd period - Michael Haley is hit by Nick Leddy and loses puck.
8:08 of 3rd period - Jiri Fischer is hit by Nick Leddy.
8:32 of 3rd period - Slapshot by Gilbert Brule.
8:32 of 3rd period - Stopped by Josh Harding with a rebound.
8:34 of 3rd period - Backhand shot by Gilbert Brule.
8:34 of 3rd period - Goal by Gilbert Brule - Kings : 4 - Red Wings : 3.
8:35 of 3rd period - Gilbert Brule wins face-off versus Mike Richards in neutral zone.
8:38 of 3rd period - Marko Dano is hit by Jason Akeson and loses puck.
8:45 of 3rd period - Snap shot by Connor Brown.
8:45 of 3rd period - Stopped by Ondrej Pavelec with a rebound.
8:49 of 3rd period - Wrist shot by Connor Brown.
8:49 of 3rd period - Stopped by Ondrej Pavelec with a rebound.
9:01 of 3rd period - Alex Picard is hit by Nikita Kucherov and loses puck.
9:08 of 3rd period - Slapshot by Karl Alzner.
9:08 of 3rd period - Stopped by Ondrej Pavelec with a rebound.
9:10 of 3rd period - Slapshot by Ryan O'Byrne.
9:10 of 3rd period - Shot Blocked by Nikita Kucherov.
9:53 of 3rd period - Slapshot by Jiri Fischer.
9:53 of 3rd period - Stopped by Ondrej Pavelec with a rebound.
9:55 of 3rd period - Snap shot by Jiri Fischer.
9:55 of 3rd period - Shot Blocked by Nick Leddy.
9:57 of 3rd period - Slapshot by Jiri Fischer.
9:57 of 3rd period - Deflect By Teuvo Teravainen.
9:57 of 3rd period - Stopped by Ondrej Pavelec with a rebound.
9:59 of 3rd period - Slapshot by Jakub Kindl.
9:59 of 3rd period - Stopped by Ondrej Pavelec without a rebound.
10:00 of 3rd period - Anze Kopitar wins face-off versus Mike Richards in Kings zone.
10:13 of 3rd period - Slapshot by Nikita Kucherov.
10:13 of 3rd period - Shot Blocked by Karl Alzner.
10:15 of 3rd period - Slapshot by Jeff Schultz.
10:15 of 3rd period - Stopped by Josh Harding with a rebound.
10:17 of 3rd period - Snap shot by Gabriel Landeskog.
10:17 of 3rd period - Shot Misses the Net.
10:49 of 3rd period - Off-side.
10:50 of 3rd period - Chris Kelly wins face-off versus Clarke MacArthur in neutral zone.
10:53 of 3rd period - Brad Boyes is hit by Petr Pohl and loses puck.
11:02 of 3rd period - Snap shot by Petr Pohl.
11:02 of 3rd period - Stopped by Ondrej Pavelec with a rebound.
11:04 of 3rd period - Wrist shot by Petr Pohl.
11:04 of 3rd period - Stopped by Ondrej Pavelec with a rebound.
11:06 of 3rd period - Backhand shot by Karl Alzner.
11:06 of 3rd period - Stopped by Ondrej Pavelec without a rebound.
11:07 of 3rd period - Gilbert Brule wins face-off versus Mike Richards in Kings zone.
11:07 of 3rd period - Gilbert Brule is hit by Connor Brown.
11:19 of 3rd period - Snap shot by Gilbert Brule.
11:19 of 3rd period - Deflect By Jason Akeson.
11:19 of 3rd period - Shot Misses the Net.
11:19 of 3rd period - Puck is out of play.
11:20 of 3rd period - Mike Richards wins face-off versus Anze Kopitar in Red Wings zone.
11:25 of 3rd period - Nikita Kucherov is hit by Marko Dano and loses puck.
11:34 of 3rd period - Wrist shot by Nikita Kucherov.
11:34 of 3rd period - Stopped by Josh Harding with a rebound.
11:36 of 3rd period - Wrist shot by Nikita Kucherov.
11:36 of 3rd period - Shot Misses the Net.
11:55 of 3rd period - Jiri Fischer is hit by James Wright and loses puck.
12:30 of 3rd period - Slapshot by Anze Kopitar.
12:30 of 3rd period - Stopped by Josh Harding with a rebound.
12:40 of 3rd period - Slapshot by Connor Brown.
12:40 of 3rd period - Stopped by Ondrej Pavelec with a rebound.
12:42 of 3rd period - Snap shot by Andrew Alberts.
12:42 of 3rd period - Stopped by Ondrej Pavelec without a rebound.
12:43 of 3rd period - Nick Bjugstad wins face-off versus Gilbert Brule in Kings zone.
13:23 of 3rd period - Anze Kopitar is hit by David Krejci and loses puck.
13:32 of 3rd period - Anze Kopitar is hit by Dany Heatley and loses puck.
15:07 of 3rd period - Slapshot by Clarke MacArthur.
15:07 of 3rd period - Shot Misses the Net.
18:56 of 3rd period - Minor Penalty to Anze Kopitar for Cross-checking.
18:57 of 3rd period - Connor Brown wins face-off versus Peter Regin in Kings zone.
18:58 of 3rd period - Red Wings, Josh Harding is pulled from the net.
19:04 of 3rd period - Snap shot by Mike Richards.
19:04 of 3rd period - Shot Misses the Net.
19:06 of 3rd period - Snap shot by Mike Richards.
19:06 of 3rd period - Shot Blocked by Gilbert Brule.
19:08 of 3rd period - Slapshot by Connor Brown.
19:08 of 3rd period - Shot Blocked by Jeff Schultz.
Goals for this period are 1 for Kings vs 1 for Red Wings.
Shots for this period are 8 for Kings vs 15 for Red Wings.
Back to the Top